 Dungeon Crawl Stone Soup version 0.30-a0-34-gbe8da3892a (webtiles) character file.

Game seed: 8243374038000799033

133166 porpoise the Warrior (level 17, -2/147 HPs)
             Began as a Merfolk Gladiator on Aug 27, 2022.
             Was an Initiate of Yredelemnul.
             Slain by a shock serpent (10 damage)
             ... on level 1 of the Snake Pit.
             The game lasted 02:10:16 (32386 turns).

porpoise the Warrior (Merfolk Gladiator)           Turns: 32386, Time: 02:10:18

Health: -2/147     AC: 24    Str: 21    XL:     17   Next: 14%
Magic:  36/36      EV: 20    Int: 10    God:    Yredelemnul [......]
Gold:   1268       SH:  7    Dex: 19    Spells: 16/16 levels left

rFire   + + .      SeeInvis +    a - +2 trident (venom)
rCold   + + .      Faith    +    p - +0 buckler "Ifruirgham" {Str+2 Int+3 Slay+3 Stlth+}
rNeg    + + .      Spirit   .    b - +6 scale mail "Nabocigu" {rPois Will+}
rPois   +          Reflect  .    x - +1 helmet
rElec   .          Harm     .    J - +2 cloak "Juopoint" {-Cast rF+ Dex+4 SInv}
rCorr   .          Rampage  .    t - +0 pair of gloves
Will    ++...      NoCast   +    N - +1 pair of boots
Stlth   +.........               e - amulet of faith
HPRegen 0.34/turn                d - ring "Vyfeops" {rC++ MP+9 Dex-4 Slay+5}
MPRegen 0.25/turn                c - ring of Qoulemmu {Drain +Blink Fly rF+ rN++}

@: flying
A: (nimble swimmer 2), mertail
a: Renounce Religion, Evoke Blink, Recall Undead Harvest


You were on level 1 of the Snake Pit.
You worshipped Yredelemnul.
Yredelemnul was pleased with you.
You visited 5 branches of the dungeon, and saw 24 of its levels.
You visited 1 bazaar.
You also visited: Gauntlet.

You collected 3376 gold pieces.
You spent 2108 gold pieces at shops.

Inventory:

Hand Weapons
 a - a +2 trident of venom (weapon)
Missiles
 n - 3 throwing nets (quivered)
Armour
 b - the +6 scale mail "Nabocigu" (worn) {rPois Will+}
   (You bought it in a shop in a bazaar)

   rPois:     It protects you from poison.
   Will:      It increases your willpower.
 p - the +0 buckler "Ifruirgham" (worn) {Str+2 Int+3 Slay+3 Stlth+}
   (You found it on level 2 of the Dungeon)

   Str:       It affects your strength (+2).
   Int:       It affects your intelligence (+3).
   Slay:      It affects your accuracy & damage with ranged weapons and melee
   (+3).
   Stlth:     It makes you more stealthy.
 t - a +0 pair of gloves (worn)
 x - a +1 helmet (worn)
 J - the +2 cloak "Juopoint" (worn) {-Cast rF+ Dex+4 SInv}
   (You found it in a Gauntlet)

   Dex:       It affects your dexterity (+4).
   rF:        It protects you from fire.
   SInv:      It lets you see invisible.
   -Cast:     It prevents spellcasting.
 N - a +1 pair of boots (worn)
Jewellery
 c - the ring of Qoulemmu (right hand) {Drain +Blink Fly rF+ rN++}
   (You found it on level 15 of the Dungeon)

   [ring of protection from fire]

   rF:        It protects you from fire.
   rN:        It greatly protects you from negative energy.
   Fly:       It grants you flight.
   +Blink:    It lets you blink.
   Drain:     It drains your maximum health when unequipped.
 d - the ring "Vyfeops" (left hand) {rC++ MP+9 Dex-4 Slay+5}
   (You found it on level 15 of the Dungeon)

   [ring of magical power]

   Dex:       It affects your dexterity (-4).
   Slay:      It affects your accuracy & damage with ranged weapons and melee
   (+5).
   rC:        It greatly protects you from cold.
   MP:        It affects your magic capacity (+9).
 e - an amulet of faith (around neck)
 I - the ring of the Queen {Ice rN+ Will+ Int+4 Dex-3}
   (You found it on level 15 of the Dungeon)

   [ring of ice]

   It enhances your ice magic.
   Int:       It affects your intelligence (+4).
   Dex:       It affects your dexterity (-3).
   rF:        It makes you vulnerable to fire.
   rC:        It protects you from cold.
   rN:        It protects you from negative energy.
   Will:      It increases your willpower.
Wands
 h - a wand of iceblast (5)
 r - a wand of quicksilver (31)
 s - a wand of mindburst (26)
 D - a wand of flame (36)
 H - a wand of digging (5)
 Q - a wand of charming (8)
 S - a wand of polymorph (8)
Scrolls
 g - 2 scrolls of butterflies
 i - 6 scrolls of teleportation
 j - 5 scrolls of poison
 o - 3 scrolls of magic mapping
 z - a scroll of fear
 A - a scroll of blinking
 F - a scroll of vulnerability
 V - 12 scrolls of identify
Potions
 k - 10 potions of curing
 l - 4 potions of lignification
 v - 2 potions of ambrosia
 B - 6 potions of attraction
 E - a potion of resistance
 P - a potion of invisibility
 R - 4 potions of cancellation
 U - 3 potions of haste
Miscellaneous
 m - a phial of floods
 C - a phantom mirror
 K - a tin of tremorstones (2/2)
 X - a box of beasts


   Skills:
 + Level 17.0 Fighting
 - Level 14.0 Polearms
 - Level 2.0 Throwing
 - Level 9.0 Armour
 + Level 16.6 Dodging
 - Level 9.0 Shields
 - Level 14.0 Invocations
 - Level 9.0 Evocations


You had 16 spell levels left.
You didn't know any spells.
Your spell library contained the following spells:

 Spells                   Type           Power      Damage    Failure   Level
 Apportation              Tloc           0%         N/A       73%         1
 Shock                    Conj/Air       0%         1d3       73%         1
 Ensorcelled Hibernation  Hex/Ice        0%         N/A       86%         2
 Passwall                 Tmut/Erth      0%         N/A       86%         2
 Scorch                   Fire           0%         2d5       86%         2
 Static Discharge         Conj/Air       0%         3-3/arc   86%         2
 Sublimation of Blood     Necr           0%         N/A       86%         2
 Confusing Touch          Hex            0%         N/A       97%         3
 Conjure Flame            Conj/Fire      0%         6-21      97%         3
 Ignite Poison            Fire/Tmut/Pois 0%         N/A       97%         3
 Portal Projectile        Hex/Tloc       0%         N/A       97%         3
 Swiftness                Air            0%         N/A       97%         3
 Tukima's Dance           Hex            0%         N/A       97%         3
 Airstrike                Air            0%         2d(0-16)  100%        4
 Anguish                  Hex/Necr       0%         N/A       100%        4
 Animate Armour           Summ/Erth      0%         N/A       100%        4
 Corpse Rot               Necr/Pois/Air  0%         N/A       100%        4
 Dispel Undead            Necr           0%         3d6       100%        4
 Flame Wave               Conj/Fire      0%         2d4       100%        4
 Petrify                  Tmut/Erth      0%         N/A       100%        4
 Sticky Flame             Conj/Fire      0%         2d3       100%        4
 Summon Lightning Spire   Summ/Air       0%         N/A       100%        4
 Alistair's Intoxication  Tmut/Pois      0%         N/A       100%        5
 Blade Hands              Tmut           0%         N/A       100%        5
 Borgnjor's Vile Clutch   Necr/Erth      0%         N/A       100%        5
 Irradiate                Conj/Tmut      0%         3d11      100%        5
 Metabolic Englaciation   Hex/Ice        0%         N/A       100%        5
 Yara's Violent Unravell  Hex/Tmut       0%         3d3       100%        5
 Conjure Ball Lightning   Conj/Air       0%         3x3d6     100%        6
 Eringya's Noxious Bog    Tmut/Pois      0%         N/A       100%        6
 Iron Shot                Conj/Erth      0%         9d1       100%        6
 Summon Cactus Giant      Summ           0%         N/A       100%        6
 Dragon Form              Tmut           0%         N/A       100%        7
 Enfeeble                 Hex            0%         N/A       100%        7
 Storm Form               Tmut/Air       0%         N/A       100%        7
 Discord                  Hex            0%         N/A       100%        8
 Disjunction              Tloc           0%         N/A       100%        8
 Maxwell's Capacitive Co  Air            0%         ∞         100%        8
 Death Channel            Necr           Unusable   N/A       N/A         6
 Simulacrum               Ice/Necr       Unusable   N/A       N/A         6

Dungeon Overview and Level Annotations

Branches:
Dungeon (15/15)            Temple (1/1) D:4            Lair (5/5) D:11
 Shoals (0/4) Lair:2        Snake (1/4) Lair:3        Slime (0/5) Lair:5
    Orc (2/2) D:10            Elf (0/3) Orc:2        Vaults (0/5) D:13
 Depths (0/4) D:15        Gauntlet (visited)

Altars:
Ashenzari
Cheibriados
Dithmenos
Elyvilon
Fedhas
Gozag
Hepliaklqana
Kikubaaqudgha
Makhleb
Nemelex Xobeh
Okawaru
Qazlal
Ru
Sif Muna
Trog
Uskayaw
Vehumet
Wu Jian
Xom
Yredelemnul
Zin
The Shining One
Jiyva

Shops:
D:3 (   D:4 [   D:10 [(   D:13 *[!=   Orc:1 :   Orc:2 :(([

Annotations:
D:3 3 runed translucent doors, Zonian's ghost, amateur SpBr
D:13 5 transporters
Lair:1 exclusion: downstairs
Lair:2 exclusion: 4 oklob plants
Lair:3 1 runed translucent door, Zoerut Uceps's ghost, journeyman MfGl


Innate Abilities, Weirdness & Mutations

((You are very nimble when in or above water. (Stealth+, EV+, Speed+++)))
Your lower body shifts to a powerful aquatic tail in water.


Message History

Your black mamba zombie completely misses the naga.
The naga hits your naga warrior zombie with a +3 hand axe!!
The naga hits your black mamba zombie with a +3 hand axe!
The naga constricts your naga warrior zombie.
Your naga warrior zombie is destroyed!
You can no longer trade souls for undead servants.
Reach: a) +2 trident (venom)
Press: ? - help, Dir - move target, f/p - naga
Aim: a naga, wielding a +3 hand axe (almost dead, strong, ally target, about 22% to evade your +2 trident of venom)
You reach to attack!
You puncture the naga!
You kill the naga!
The dead are walking!
The shock serpent barely misses your black mamba zombie.
Your black mamba zombie misses the shock serpent.
The shock serpent bites your black mamba zombie!!
The shock serpent shocks your black mamba zombie!
Your black mamba zombie bites the shock serpent.
The shock serpent bites your black mamba zombie!
Your black mamba zombie is destroyed!
Reach: a) +2 trident (venom)
Press: ? - help, Dir - move target, f - shock serpent
Aim: a shock serpent (lightly wounded, ally target, about 31% to evade your +2 trident of venom)
You reach to attack!
You puncture the shock serpent!
The shock serpent is poisoned.
The shock serpent is moderately wounded.
The shock serpent's electric aura discharges, shocking you!
* * * LOW HITPOINT WARNING * * *
Reach: a) +2 trident (venom)
Press: ? - help, Dir - move target, f/p - shock serpent
Aim: a shock serpent (heavily wounded, very poisoned, ally target, about 31% to evade your +2 trident of venom)
Okay, then.
Unknown command.
Unknown command.
You barely miss the shock serpent.
The shock serpent is heavily wounded.
The shock serpent bites you!
* * * LOW HITPOINT WARNING * * *
The shock serpent shocks you!
You die...
Your body rises from the dead as a mindless zombie.

.#.......#.####.####
#.. .......###..#.###
. #..
#....#)#....#...###..
#..
######.....##........
..# #....Z........#
.#.# #.....##.Z....#
####..#...#####
####)#N#...#
...#.)S@.#
.....###Z.........
...... #.....#...#.
...... #.....# #.#
......#......# .#
#......# .......#
####....#


You could see a shock serpent (very poisoned, ally target), a naga and a
friendly naga zombie.

Vanquished Creatures
  Jorgrun (D:15)
  A frost giant (D:15)
  An orc warlord (Orc:2)
  A stone giant (D:15)
  Azrael (D:13)
  A minotaur (Gauntlet)
  2 ettins
  Erolcha (D:13)
  3 hydras (Lair:4)
  2 vault guards (D:15)
  2 great orbs of eyes (D:15)
  4 catoblepae
  6 boulder beetles
  An ogre mage (D:15)
  3 two-headed ogres
  3 centaur warriors (D:15)
  A deep troll shaman (D:15)
  A death knight (D:15)
  8 death yaks
  2 naga warriors (Snake:1)
  A tengu warrior (D:15)
  An iron troll (D:13)
  2 lindwurms
  5 orc knights (Orc:2)
  5 deep elf pyromancers
  A necromancer (D:15)
  13 manticores
  3 orc sorcerers (Orc:2)
  8 slime creatures
  7 ugly things
  3 wolf spiders
  A salamander (Snake:1)
  A moth of wrath (Gauntlet)
  9 cyclopes
  6 black mambas
  Maurice (D:11)
  3 naga magi (Snake:1)
  9 cane toads
  11 elephants
  A guardian serpent (Lair:3)
  3 torpor snails
  Joseph (D:7)
  A cane toad (shapeshifter) (D:15)
  A rime drake (Lair:5)
  2 unseen horrors
  A gargoyle (D:13)
  2 efreet
  6 freezing wraiths
  14 komodo dragons
  A yaktaur (D:15)
  3 tengu conjurers (D:15)
  2 kobold demonologists
  7 trolls
  A meliai (D:15)
  A queen bee (shapeshifter) (D:15)
  A queen bee (Lair:2)
  2 polar bears
  4 saltlings (Orc:2)
  Prince Ribbit (D:5)
  7 blink frogs
  4 wraiths (Lair:4)
  5 wyverns
  8 basilisks
  2 basilisks (shapeshifter) (D:15)
  2 fire elementals (D:13)
  A human (shapeshifter) (D:14)
  50 yaks
  A chaos spawn (Gauntlet)
  A neqoxec (Gauntlet)
  2 redbacks (Gauntlet)
  9 vampire mosquitoes
  Menkaure (D:5)
  A steam dragon (Lair:4)
  2 nagas (Snake:1)
  2 acid dragons
  2 hell hounds (D:13)
  13 water moccasins
  Duvessa (D:4)
  2 floating eyes (D:15)
  3 black bears
  12 orc warriors
  7 ogres
  2 sky beasts
  7 centaurs
  18 wolves
  3 kobold brigands
  A phantom (D:8)
  2 necrophages
  A gnoll sergeant (D:9)
  Blork the orc (D:4)
  7 bullfrogs
  3 scorpions
  Dowan (D:4)
  9 wights
  34 killer bees
  2 vampire bats (Lair:1)
  14 howler monkeys
  3 electric eels (Lair:3)
  2 jellies (D:5)
  12 orc priests
  2 hounds
  A gnoll bouda (D:7)
  3 iguanas
  Ijyb (D:5)
  19 orc wizards
  2 hell rats (Lair:5)
  7 gnolls
  6 adders
  2 shadow imps
  A white imp (D:8)
  2 worms (D:3)
  3 dart slugs
  57 orcs
  5 ball pythons
  7 endoplasms
  2 giant cockroaches
  8 goblins
  9 hobgoblins
  9 jackals
  4 quokkas
  9 bats
  3 frilled lizards
  15 kobolds
  11 rats
638 creatures vanquished.

Vanquished Creatures (collateral kills)
  Gastronok (D:9)
  An orc warlord (Orc:2)
  Snorg (Orc:2)
  2 vault guards (D:15)
  2 hydras
  A centaur warrior (D:14)
  A catoblepas (Lair:5)
  5 death yaks
  A tengu warrior (D:15)
  Lodul (D:13)
  A skeletal warrior (D:15)
  A wizard (D:15)
  6 ugly things
  A deep elf pyromancer (D:14)
  An orc sorcerer (Orc:2)
  A manticore (D:12)
  3 cyclopes
  A merfolk siren (Lair:2)
  3 black mambas
  3 elephants
  A gargoyle (Gauntlet)
  A torpor snail (Lair:4)
  4 cane toads
  A yaktaur (D:15)
  5 rime drakes
  A freezing wraith (D:14)
  3 komodo dragons
  A kobold demonologist (D:12)
  2 unseen horrors (D:12)
  2 efreet (D:13)
  2 trolls (Orc:2)
  A polar bear (Lair:4)
  3 saltlings (Orc:2)
  6 blink frogs
  A slime creature (D:14)
  4 dream sheep (Lair:5)
  A wraith (Lair:4)
  A culicivora (D:13)
  3 wyverns
  A shadow (D:9)
  19 yaks
  A basilisk (D:15)
  A vampire mosquito (D:11)
  A steam dragon (Lair:2)
  A redback (Gauntlet)
  2 wargs (Orc:2)
  A naga (Snake:1)
  7 water moccasins
  9 orc warriors
  A black bear (D:11)
  A black bear (shapeshifter) (D:13)
  4 ogres
  2 centaurs (D:15)
  6 wolves
  A kobold brigand (D:12)
  4 bullfrogs
  9 killer bees
  A howler monkey (D:8)
  4 orc priests
  5 hell rats (Lair:5)
  5 orc wizards (Orc:2)
  A gnoll (D:9)
  A worm (shapeshifter) (D:14)
  26 orcs
  5 kobolds
  3 bushes
  13 pillars of salt (Orc:2)
215 creatures vanquished.

Vanquished Creatures (others)
  A spectral death yak (Lair:5)
  2 spectral hydras
  A spectral human (Lair:4)
  An ugly thing zombie (D:14)
  3 unseen horror zombies
  A human zombie (D:15)
  A meliai zombie (D:15)
  3 black mamba zombies
  A slime creature zombie (D:14)
  A tengu zombie (D:15)
  A hell hound (D:13)
  3 cane toad zombies
  A spectral efreet (D:14)
  A dream sheep zombie (Lair:5)
  3 manticore zombies
  3 elephant zombies
  4 blink frog zombies
  5 vampire mosquito zombies
  A rime drake zombie (Lair:5)
  A yaktaur zombie (D:15)
  A salamander zombie (Snake:1)
  2 komodo dragon zombies
  3 cyclops zombies
  A hell hound zombie (D:13)
  2 wyvern zombies
  4 water moccasin zombies
  A polar bear zombie (Lair:5)
  A warg zombie (Orc:2)
  11 yak zombies
  A queen bee zombie (Lair:2)
  A troll zombie (D:13)
  11 wolf zombies
  8 centaur zombies
  A basilisk zombie (Lair:2)
  A black bear zombie (D:13)
  4 bullfrog zombies
  27 killer bee zombies
  5 naga zombies (Snake:1)
  6 ogre zombies (D:13)
  An acid dragon zombie (D:10)
  4 howler monkey zombies
  4 hell rat zombies (Lair:5)
  An orc (Orc:2)
  A ball python (D:4)
  A gnoll zombie (D:9)
  2 kobold zombies
  46 orc zombies
  A bush (Lair:5)
  14 demonic plants (Gauntlet)
  129 fungi
  A pillar of salt (Orc:2)
  167 plants
  2 withered plants (Gauntlet)
503 creatures vanquished.

Grand Total: 1356 creatures vanquished

Notes
Turn   | Place    | Note
-------+----------+-------------------------------------------
     0 | D:1      | porpoise the Merfolk Gladiator began the quest for the Orb.
     0 | D:1      | Reached XP level 1. HP: 16/16 MP: 1/1
   108 | D:1      | Reached XP level 2. HP: 22/23 MP: 2/2
   264 | D:1      | Found a faded altar of an unknown god.
   746 | D:2      | Reached skill level 3 in Fighting
   746 | D:2      | Reached XP level 3. HP: 29/29 MP: 3/3
   927 | D:2      | Reached skill level 5 in Polearms
  1022 | D:2      | Identified the +0 buckler "Ifruirgham" {Str+2 Int+3 Slay+3
                  | Stlth+}
  1207 | D:3      | Noticed a scorpion
  1252 | D:3      | HP: 1/29 [hobgoblin (4)]
  1321 | D:3      | Reached XP level 4. HP: 31/35 MP: 4/4
  1492 | D:3      | Killed a scorpion
  1493 | D:3      | Reached skill level 4 in Fighting
  1493 | D:3      | Reached XP level 5. HP: 34/42 MP: 5/5
  1714 | D:3      | Noticed an ogre
  1723 | D:3      | Killed an ogre
  1724 | D:3      | Reached XP level 6. HP: 18/50 MP: 6/6
  2095 | D:3      | Reached skill level 5 in Fighting
  2125 | D:3      | Found Xaennol's Antique Weapon Boutique.
  2286 | D:3      | Found a runed translucent gate.
  2286 | D:3      | Found a runed translucent gate.
  2286 | D:3      | Found a runed translucent gate.
  2292 | D:3      | Noticed Zonian's ghost (amateur SpBr)
  2804 | D:4      | Found a shimmering blue altar of Sif Muna.
  3027 | D:4      | Reached XP level 7. HP: 51/57 MP: 7/7
  3073 | D:4      | Found Opecval's Antique Armour Shop.
  3085 | D:4      | Noticed Dowan
  3095 | D:4      | Noticed Duvessa
  3113 | D:4      | Killed Dowan
  3114 | D:4      | Reached skill level 6 in Fighting
  3452 | D:4      | Found a staircase to the Ecumenical Temple.
  3458 | Temple   | Entered the Ecumenical Temple
  3567 | D:4      | Found a radiant altar of Vehumet.
  3580 | D:4      | Found an ornate altar of the Wu Jian Council.
  3841 | D:4      | HP: 2/58 [Duvessa/+0 short sword (8)]
  3843 | D:4      | Killed Duvessa
  4187 | D:5      | Entered Level 5 of the Dungeon
  4194 | D:5      | Noticed Ijyb
  4198 | D:5      | Noticed Prince Ribbit
  4200 | D:5      | Noticed Blork the orc
  4201 | D:5      | Killed Ijyb
  4216 | D:4      | HP: 1/88 [Blork the orc/+0 dire flail (11)]
  4217 | D:4      | Killed Blork the orc
  4551 | D:5      | Killed Prince Ribbit
  4552 | D:5      | Reached skill level 7 in Fighting
  4552 | D:5      | Reached XP level 8. HP: 10/67 MP: 8/8
  5063 | D:5      | Noticed Menkaure
  5069 | D:5      | Killed Menkaure
  5070 | D:5      | Reached skill level 10 in Polearms
  5070 | D:5      | Reached skill level 1 in Armour
  5372 | D:3      | Bought a glowing trident for 201 gold pieces
  5927 | D:6      | Found a basalt altar of Yredelemnul.
  5968 | D:6      | Became a worshipper of Yredelemnul the Dark
  6114 | D:4      | Bought a faintly humming ring mail for 180 gold pieces
  6114 | D:4      | Identified the +0 ring mail "Paamuu" {rC++ Will+} (You
                  | bought it in a shop on level 4 of the Dungeon)
  6173 | D:6      | Found a sparkling altar of Nemelex Xobeh.
  6199 | D:6      | Reached * piety under Yredelemnul
  6429 | D:6      | Reached ** piety under Yredelemnul
  6455 | D:6      | Found a glowing silver altar of Zin.
  6921 | D:7      | Reached skill level 1 in Invocations
  6992 | D:7      | Reached XP level 9. HP: 60/72 MP: 8/10
  7077 | D:7      | Noticed Joseph
  7098 | D:7      | HP: 3/68 [wight/+2 scimitar (3)]
  7099 | D:7      | Killed Joseph
  8031 | D:8      | Noticed a troll
  8041 | D:8      | Killed a troll
  8056 | D:8      | Noticed a boulder beetle
  8068 | D:8      | Reached *** piety under Yredelemnul
  8082 | D:8      | Killed a boulder beetle
  8083 | D:8      | Reached skill level 5 in Armour
  8083 | D:8      | Reached skill level 5 in Invocations
  8083 | D:8      | Reached XP level 10. HP: 69/79 MP: 12/14
  8227 | D:8      | Found a blossoming altar of Fedhas.
  8535 | D:8      | Found a shadowy altar of Dithmenos.
  8725 | D:4      | Bought a pair of embroidered boots for 150 gold pieces
  8907 | D:9      | Reached skill level 5 in Dodging
  8931 | D:9      | Reached **** piety under Yredelemnul
  9019 | D:9      | Got the Atlas of Shifting and Hexing
  9078 | D:9      | Reached ***** piety under Yredelemnul
  9469 | D:9      | Reached ****** piety under Yredelemnul
  9645 | D:9      | Noticed Gastronok
  9662 | D:9      | Killed Gastronok
  9663 | D:9      | Reached skill level 1 in Shields
  9663 | D:9      | Reached skill level 1 in Evocations
  9663 | D:9      | Reached XP level 11. HP: 71/84 MP: 14/16
  9862 | D:10     | Entered Level 10 of the Dungeon
  9864 | D:10     | Found Rutapn's Armour Shop.
  9922 | D:10     | Found a staircase to the Orcish Mines.
  9941 | D:10     | Found Ekhlirho's Weapon Shop.
 10203 | D:10     | Reached skill level 8 in Fighting
 10345 | D:10     | Identified the +0 robe of Hairiness {*Slow rN+ Will+ Dex+2}
 10655 | D:11     | Noticed a manticore
 10662 | D:11     | Killed a manticore
 10683 | D:11     | Noticed a manticore
 10699 | D:11     | Killed a manticore
 11358 | D:11     | Noticed a boulder beetle
 11370 | D:11     | Killed a boulder beetle
 11371 | D:11     | Reached skill level 9 in Fighting
 11371 | D:11     | Reached skill level 5 in Shields
 11371 | D:11     | Reached skill level 5 in Evocations
 11425 | D:11     | Noticed a cyclops
 11426 | D:11     | Noticed Maurice
 11439 | D:11     | Killed Maurice
 11851 | D:11     | Found a staircase to the Lair.
 12285 | Lair:1   | Entered Level 1 of the Lair of Beasts
 12331 | Lair:1   | Reached XP level 12. HP: 96/96 MP: 17/17
 12476 | Lair:1   | Reached skill level 10 in Dodging
 12484 | Lair:1   | Found a broken altar of Ashenzari.
 12565 | Lair:1   | Reached skill level 10 in Fighting
 13629 | Lair:2   | Reached skill level 11 in Fighting
 13844 | Lair:2   | Reached XP level 13. HP: 93/106 MP: 20/20
 14000 | Lair:2   | Reached skill level 10 in Invocations
 14436 | Lair:2   | Found a staircase to the Shoals.
 14689 | Lair:2   | Reached skill level 12 in Fighting
 16259 | Lair:3   | Found a runed translucent door.
 16260 | Lair:3   | Noticed Zoerut Uceps's ghost (journeyman MfGl)
 16626 | Lair:3   | Found a staircase to the Snake Pit.
 17103 | Lair:4   | Noticed Josephine
 17132 | Lair:4   | Killed Josephine
 17132 | Lair:4   | Enslaved Josephine
 17430 | Lair:4   | Reached skill level 13 in Fighting
 17575 | Lair:4   | Reached XP level 14. HP: 118/118 MP: 22/22
 17841 | Lair:4   | Your ally Josephine died
 18085 | Lair:4   | Reached skill level 14 in Fighting
 18176 | Lair:4   | HP: 4/120 [lindwurm/blast of flame (26)]
 18493 | Lair:4   | Got the Parchment of Fascination
 19292 | Lair:5   | Entered Level 5 of the Lair of Beasts
 19301 | Lair:5   | Found a gate leading to a gauntlet.
 19310 | Gauntlet | Entered a Gauntlet
 19310 | Gauntlet | Found a transporter.
 19310 | Gauntlet | Found a transporter.
 19322 | Gauntlet | Found a transporter.
 19324 | Gauntlet | Found a transporter.
 19325 | Gauntlet | Found a transporter.
 19339 | Gauntlet | Found a transporter.
 19341 | Gauntlet | Found a transporter.
 19349 | Gauntlet | Found a transporter.
 19440 | Gauntlet | Found a transporter.
 19450 | Gauntlet | Found a transporter.
 19454 | Gauntlet | Found a transporter.
 19464 | Gauntlet | Found a transporter.
 19761 | Gauntlet | Identified the +2 cloak "Juopoint" {-Cast rF+ Dex+4 SInv}
 19763 | Gauntlet | Identified the amulet "Waitiut" {+Inv Regen+ rCorr Dex+3}
 21076 | Lair:5   | Reached XP level 15. HP: 117/126 MP: 16/24
 21181 | Lair:5   | Identified the +1 scale mail of Protective Custody {Will-
                  | Int+5}
 21333 | Lair:5   | Identified the +1 ring mail of the Evening {MP+9 Stlth+}
 21684 | Lair:5   | Found a viscous altar of Jiyva.
 21684 | Lair:5   | Found a staircase to the Slime Pits.
 22287 | Orc:1    | Entered Level 1 of the Orcish Mines
 22623 | Orc:1    | Found Xoxum's Book Shoppe.
 22814 | Orc:2    | Entered Level 2 of the Orcish Mines
 22814 | Orc:2    | Noticed an orc warlord
 22832 | Orc:2    | Killed an orc warlord
 22880 | Orc:2    | Found a staircase to the Elven Halls.
 22884 | Orc:2    | Noticed Snorg
 22895 | Orc:2    | Killed Snorg
 23125 | Orc:2    | Found a burning altar of Makhleb.
 23874 | Orc:2    | Found a flickering gateway to a bazaar.
 23893 | Bazaar   | Entered a bazaar
 23893 | Bazaar   | Found Wimefum's Antique Armour Shoppe.
 23893 | Bazaar   | Found Hynt's Book Emporium.
 23937 | Bazaar   | Found Lysepax's Armour Shoppe.
 23953 | Bazaar   | Found Fecsirio's Armour Emporium.
 23961 | Bazaar   | Bought the +6 scale mail "Nabocigu" {rPois Will+} for 812
                  | gold pieces
 23995 | Bazaar   | Bought a jewelled ring mail for 270 gold pieces
 23995 | Bazaar   | Identified the +2 ring mail of Wigujiol {Harm rElec rC-
                  | rCorr} (You bought it in a shop in a bazaar)
 23995 | Bazaar   | Bought an amber-encrusted scale mail for 270 gold pieces
 23995 | Bazaar   | Identified the +6 scale mail of Pathos {rC++} (You bought
                  | it in a shop in a bazaar)
 24578 | Orc:2    | HP: 3/120 [orc sorcerer/bolt of negative energy (13)]
 25088 | Orc:2    | Found Inuapp's Armour Shoppe.
 25088 | Orc:2    | Noticed an orc warlord
 25139 | Orc:2    | Killed an orc warlord
 25140 | Orc:2    | Reached skill level 15 in Fighting
 25223 | Orc:2    | Found Vinila's Weapon Shoppe.
 25225 | Orc:2    | Found Awughef's Antique Weapon Shoppe.
 25255 | Orc:2    | Found Furexteth's Book Shop.
 25419 | Lair:1   | Upgraded the game from 0.30-a0-29-g142975f185 to
                  | 0.30-a0-34-gbe8da3892a
 26270 | D:12     | You fall into a shaft and drop 1 floor!
 26301 | D:13     | Noticed Lodul
 26328 | D:13     | Killed Lodul
 26352 | D:13     | Found Betror's Armour Boutique.
 26384 | D:13     | Noticed Erolcha
 26407 | D:13     | Killed Erolcha
 26410 | D:13     | Reached XP level 16. HP: 136/136 MP: 26/26
 26410 | D:13     | Found the +9 heavy crossbow "Sniper" {vorpal, Acc+∞ SInv}
 26551 | D:13     | Your ally Lodul died
 26584 | D:13     | Found a transporter.
 26588 | D:13     | Found a transporter.
 26594 | D:13     | Found a transporter.
 26594 | D:13     | Noticed Azrael
 26604 | D:13     | Your ally Erolcha died
 26620 | D:13     | Killed Azrael
 26978 | D:13     | Found a transporter.
 27016 | D:13     | Found Qierympe's Distillery.
 27101 | D:13     | Found a transporter.
 27103 | D:13     | Found a transporter.
 27116 | D:13     | Found Pusowiajang's Jewellery Emporium.
 27430 | D:13     | Found a gate to the Vaults.
 27602 | D:13     | Found Mesi's Assorted Antiques.
 27610 | D:13     | Bought a scroll of blinking for 225 gold pieces
 28366 | D:14     | Found a frozen archway.
 28612 | D:14     | Reached skill level 16 in Fighting
 28881 | D:15     | Entered Level 15 of the Dungeon
 28916 | D:15     | Noticed Jorgrun
 28940 | D:15     | Killed Jorgrun
 29087 | D:15     | Identified the ring "Vyfeops" {rC++ MP+9 Dex-4 Slay+5}
 29181 | D:15     | Found an ornate altar of the Wu Jian Council.
 29222 | D:15     | Identified the amulet "Ynoo" {Reflect Regen+ SH+5}
 29589 | D:15     | Identified the ring of the Queen {Ice rN+ Will+ Int+4
                  | Dex-3}
 29660 | D:15     | Found a hide-covered altar of Uskayaw.
 29818 | D:15     | Reached skill level 15 in Dodging
 29901 | D:15     | Paralysed by a great orb of eyes for 2 turns
 30017 | D:15     | Identified the ring of Qoulemmu {Drain +Blink Fly rF+ rN++}
 30039 | D:15     | Found a sparkling altar of Nemelex Xobeh.
 30159 | D:15     | Found a staircase to the Depths.
 30360 | D:15     | Found a transporter.
 30821 | D:15     | Got the Atlas of Lethal Gusts
 31136 | D:15     | Found a transporter.
 31239 | D:15     | Reached XP level 17. HP: 91/146 MP: 27/27
 32060 | Snake:1  | Entered Level 1 of the Snake Pit
 32365 | Snake:1  | Reached skill level 17 in Fighting
 32386 | Snake:1  | Slain by a shock serpent

Illustrated notes

Levels and vault maps discovered:
D:1:      noname_arrival_rooms_in_the_neighbourhood, layout_loops_ring,
          basic_ecumenical_altar, grunt_decor_cap
D:2:      layout_rooms
D:3:      layout_loops_ring, biasface_ghost_orc_armoury, serial_shops,
          nicolae_shop_stone, minmay_fountain_box, minmay_fractal_squares_5
D:4:      layout_cave_pools, mainiacjoe_overflow_concentric_impassable,
          kennysheep_little_box, nicolae_wu_jian_wuxing_cycle,
          minmay_temple_entry_glassed_door, minmay_shop_grid_forest,
          uniq_duvessa
D:5:      layout_loops_ring, kennysheep_pointless_box, hex_large, uniq_ijyb,
          uniq_menkaure, uniq_blork_the_orc, uniq_prince_ribbit1
D:6:      layout_basic, nemelex_xobeh_ov_fountains_minmay, zin_treasury,
          amcnicky_altar_gilded, chequers_serial_rivers_micro_d
D:7:      layout_loops_cross, nrook_loot_triangle, uniq_joseph
D:8:      layout_loops_ring, grunt_dithmenos_shadows, lemuel_doored_altar,
          hex_tiny, dreamdust_mushroom_princess
D:9:      layout_rooms, uniq_gastronok
D:10:     layout_rooms, orc_david_3
D:11:     layout_basic, due_lair_maze_entry_diamond, uniq_maurice
D:12:     layout_basic
D:13:     layout_basic, david_vaults_4, serial_shops, nicolae_shop_waterfront,
          nicolae_shop_hallway_plus, nicolae_square_shop, nicolae_square_shop,
          serial_nicolae_subway, nicolae_sub_station_stone,
          nicolae_sub_station_crystal, nicolae_sub_station_metal, uniq_azrael,
          uniq_erolcha, uniq_lodul
D:14:     layout_gridville, roderic_lattice_a,
          portal_ice_cave_entry_frozen_things
D:15:     hangedman_spin_cycle, uniq_jorgrun
Temple:   compressed_dpeg_circular_temple
Lair:1:   layout_regular_city, basic_altar, serial_rivers,
          chequers_serial_rivers_large_b, chequers_serial_rivers_small_a,
          chequers_serial_rivers_room_a, chequers_serial_rivers_small_a,
          chequers_serial_rivers_micro_b, chequers_serial_rivers_micro_a,
          roderic_batcave, minmay_holes
Lair:2:   hangedman_what_comes_after_a, layout_cave_pods,
          minmay_shoals_entry_lonely_mermaid, patterned_corridor
Lair:3:   layout_hall_layers, minmay_snake_entry_spellcaster,
          ebering_ghost_inner_flame, serial_bayou_shore_a, grunt_megastairs_1,
          serial_bayou_shore_b
Lair:4:   nzn_winding_woodlands_huge [nzn_winding_woodlands_5x15_eye,
          nzn_winding_woodlands_5x15_pathside_ponds,
          nzn_winding_woodlands_5x15_concentric,
          nzn_winding_woodlands_5x15_twine,
          nzn_winding_woodlands_5x15_longhouse,
          nzn_winding_woodlands_5x15_river_crossing,
          nzn_winding_woodlands_5x15_pockets,
          nzn_winding_woodlands_5x15_lazy_stream,
          nzn_winding_woodlands_5x15_jagged,
          nzn_winding_woodlands_5x15_sidewinder,
          nzn_winding_woodlands_center_diamonds,
          nzn_winding_woodlands_center_pierced_h,
          nzn_winding_woodlands_15x15_thick_spiral], layout_layer_cave,
          uniq_josephine
Lair:5:   evilmike_catoblepas_cave, layout_regular_city,
          dpeg_slime_entry_enclosed, serial_rivers,
          chequers_serial_rivers_small_b, chequers_serial_rivers_micro_a,
          chequers_serial_rivers_marsh, chequers_serial_rivers_large_a,
          gauntlet_entry_generic, nicolae_lair_lil_pond, serial_bayou_shore_b
Snake:1:  cheibrodos_snake_lava_hold, layout_honeycomb,
          nicolae_snake_yet_another_twisty_hallway
Orc:1:    layout_caves, serial_shops, nicolae_shop_waterfront, basic_altar
Orc:2:    hellmonk_orc_salted, layout_caves, serial_shops, bzr_entry_islet,
          bloody_makhleb, uniq_snorg

Skill      XL: |  1  2  3  4  5  6  7  8  9 10 11 12 13 14 15 16 17 |
---------------+----------------------------------------------------+-----
Fighting       | 3 4 5 7 9 11 13 14 15 16 17 | 17.0
Polearms       | 5 6 7 9 11 12 14 | 14.0
Armour         | 3 5 6 7 8 9 |  9.0
Invocations    | 1 5 7 9 11 12 13 14 | 14.0
Dodging        | 9 12 13 14 16 | 16.6
Shields        | 1 5 8 9 |  9.0
Evocations     | 1 5 7 9 |  9.0
Throwing       | |  2.0

Action                   |  1- 3 |  4- 6 |  7- 9 | 10-12 | 13-15 | 16-18 || total
-------------------------+-------+-------+-------+-------+-------+-------++-------
Melee: Trident           |   118 |   121 |   261 |   619 |  1257 |   685 ||  3061
       Tailslap          |       |       |       |       |     6 |       ||     6
 Fire: Heavy crossbow    |       |       |       |       |       |     1 ||     1
Throw: Javelin           |       |     1 |     1 |       |       |       ||     2
       Throwing net      |       |       |     3 |       |       |       ||     3
Invok: Dark Bargain      |       |       |     1 |       |       |       ||     1
       Recall Undead Har |       |       |       |     1 |     1 |       ||     2
       Bind Soul         |       |       |       |       |     7 |     1 ||     8
 Abil: Evoke Blink       |       |       |       |       |       |     1 ||     1
Evoke: Wand              |       |       |     4 |       |    10 |       ||    14
       Box of beasts     |       |       |       |       |     1 |       ||     1
       Phial of floods   |       |       |       |       |     1 |       ||     1
  Use: Potion            |     2 |       |     8 |       |     5 |     2 ||    17
       Scroll            |       |       |     8 |    10 |    10 |     2 ||    30
 Stab: Sleeping          |     4 |     2 |     5 |     4 |     6 |     2 ||    23
       Distracted        |       |     1 |       |     3 |    19 |    19 ||    42
       Petrified         |       |       |       |       |     8 |       ||     8
       Petrifying        |       |       |       |       |     1 |       ||     1
       Invisible         |       |       |       |       |     4 |       ||     4
Armor: Leather armour    |    23 |    16 |       |       |       |       ||    39
       Ring mail         |       |     5 |    48 |   142 |   196 |       ||   391
       Skin              |       |       |     8 |       |       |       ||     8
       Scale mail        |       |       |       |       |    35 |   170 ||   205
Dodge: Dodged            |    46 |    39 |    85 |   279 |   573 |   335 ||  1357
Block: Buckler           |     4 |    12 |    32 |    93 |   261 |   164 ||   566

Table legend: (Time is in decaauts)
 A = Elapsed time spent in this place.
 B = Non-inter-level travel time spent in this place.
 C = Inter-level travel time spent in this place.
 D = Time resting spent in this place.
 E = Time spent auto-exploring this place.
 F = Levels seen in this place.
 G = Mean time per level.
                   A        B        C        D        E       F      G
               +--------+--------+--------+--------+--------+-----+--------+
         Total |  35438 |  33356 |   2082 |   8393 |  19123 |  26 | 1363.0 |
       Dungeon |  20368 |  19096 |   1272 |   5333 |  10837 |  15 | 1357.9 |
        Temple |     89 |     74 |     15 |      0 |     56 |   1 |   89.0 |
          Lair |  10679 |  10011 |    668 |   1882 |   6319 |   5 | 2135.8 |
     Snake Pit |    350 |    350 |      0 |      0 |    262 |   1 |  350.0 |
  Orcish Mines |   3031 |   2905 |    126 |    918 |   1391 |   2 | 1515.5 |
        Bazaar |    115 |    115 |      0 |      0 |     64 |   1 |  115.0 |
      Gauntlet |    803 |    803 |      0 |    259 |    192 |   1 |  803.0 |
               +--------+--------+--------+--------+--------+-----+--------+

Top non-repeatable levels by time:
    D:15: 2939 daAuts
  Lair:4: 2675 daAuts
  Lair:3: 2460 daAuts
    D:11: 2071 daAuts
  Lair:2: 2011 daAuts
  Lair:5: 1973 daAuts
     D:3: 1874 daAuts
   Orc:2: 1730 daAuts
     D:4: 1707 daAuts
    D:13: 1670 daAuts
    D:14: 1572 daAuts
  Lair:1: 1558 daAuts
     D:9: 1385 daAuts
     D:7: 1344 daAuts
   Orc:1: 1300 daAuts
